 Dungeon Crawl Stone Soup version 0.29-a0-653-gd47aff6735 (webtiles) character file.

Game seed: 12538465503361198129

54086 zeratav the Marksspriggan (level 14, -3/77 HPs)
             Began as a Spriggan Arcane Marksman on June 22, 2022.
             Was the Champion of Dithmenos.
             Killed by the air
             ... invoked by a wind drake
              (20 damage)
             ... on level 6 of the Lair of Beasts.
             The game lasted 00:59:49 (20489 turns).

zeratav the Marksspriggan (SpAM)                   Turns: 20489, Time: 00:59:50

Health: -3/77      AC:  9    Str:  6    XL:     14   Next: 33%
Magic:  17/17      EV: 28    Int: 21    God:    Dithmenos [******]
Gold:   728        SH:  0    Dex: 20    Spells: 11/15 levels left

rFire   + . .      SeeInvis +   p - +2 shortbow (freeze) {bow}
rCold   + . .      Faith    .   (shield currently unavailable)
rNeg    . . .      Spirit   .   k - +4 troll leather armour
rPois   .          Reflect  .   r - +1 hat
rElec   .          Harm     .   v - scarf {rC+ rF+}
rCorr   .          Rampage  .   (gloves unavailable)
Will    ++...                   (boots unavailable)
Stlth   ++++++++..              (no amulet)
HPRegen 1.02/turn               w - ring of wizardry
MPRegen 0.15/turn               f - +6 ring of intelligence

@: frozen, wreathed by umbra, quick
A: very small, no large weapons, unfitting armour, see invisible, speed 3
a: Renounce Religion, Shadow Step, Shadow Form


You were on level 6 of the Lair of Beasts.
You worshipped Dithmenos.
Dithmenos was exalted by your worship.
You visited 3 branches of the dungeon, and saw 19 of its levels.
You also visited: Volcano.

You collected 1146 gold pieces.
You spent 418 gold pieces at shops.


Innate Abilities, Weirdness & Mutations

You are very small and have problems with some larger weapons.
You are too small for most types of armour.
You have supernaturally acute eyesight. (SInv)
You cover ground extremely quickly. (Speed+++)


   Skills:
 - Level 10.0 Fighting
 - Level 16.0 Bows
 - Level 15.0 Dodging
 - Level 10.0 Stealth
 - Level 1.3 Spellcasting
 - Level 15.0 Hexes
 - Level 5.0 Translocations
 + Level 3.3 Evocations


You had 11 spell levels left.
You knew the following spells:

 Your Spells              Type           Power      Damage    Failure   Level
a - Slow                  Hex            100%       N/A       1%          1
b - Tukima's Dance        Hex            59%        N/A       1%          3

Your spell library contained the following spells:

 Spells                   Type           Power      Damage    Failure   Level
 Blink                    Tloc           44%        N/A       1%          2
 Inner Flame              Hex/Fire       32%        N/A       1%          3
 Portal Projectile        Hex/Tloc       86%        N/A       1%          3
 Cause Fear               Hex            29%        N/A       1%          4
 Lesser Beckoning         Tloc           22%        N/A       4%          3
 Fulminant Prism          Conj/Hex       16%        3d11      4%          4
 Leda's Liquefaction      Hex/Erth       16%        N/A       4%          4
 Magic Dart               Conj           4%         1d3       10%         1
 Necrotize                Necr           4%         1d4       10%         1
 Searing Ray              Conj           2%         2d4       16%         2
 Conjure Flame            Conj/Fire      1%         6-21      28%         3
 Ignite Poison            Fire/Tmut/Pois 1%         N/A       28%         3
 Vampiric Draining        Necr           1%         2d6       28%         3
 Iskenderun's Mystic Bla  Conj/Tloc      11%        2d4       32%         4
 Manifold Assault         Tloc           22%        N/A       32%         5
 Airstrike                Air            0%         N/A       65%         4
 Sticky Flame             Conj/Fire      1%         2d3       65%         4
 Summon Lightning Spire   Summ/Air       1%         N/A       65%         4
 Agony                    Necr           1%         N/A       92%         5
 Blade Hands              Tmut           0%         N/A       92%         5
 Lee's Rapid Deconstruct  Erth           0%         3d5*      92%         5
 Lightning Bolt           Conj/Air       0%         1d11      92%         5
 Statue Form              Tmut/Erth      0%         N/A       100%        6

Inventory:

Hand Weapons
 p - a +2 shortbow of freezing (weapon) {bow}
   (You bought it in a shop on level 1 of the Dungeon)
 D - a +2 shortbow of flaming {bow}
   (You bought it in a shop on level 8 of the Dungeon)
 M - a +1 quick blade of flaming {shortrare=g}
   (You found it in a volcano)
 N - a +0 fustibalus of flaming {sling}
   (You found it in a volcano)
Armour
 k - a +4 troll leather armour (worn)
   (You found it on level 5 of the Dungeon)
 r - a +1 hat (worn)
   (You found it on level 3 of the Dungeon)
 v - a scarf of resistance (worn)
   (You found it on level 4 of the Dungeon)
Jewellery
 f - a +6 ring of intelligence (right hand)
   (You found it on level 1 of the Dungeon)
 s - a ring of protection from cold
   (You found it on level 3 of the Dungeon)
 u - a ring of resist corrosion
   (You took it off a gnoll on level 4 of the Dungeon)
 w - a ring of wizardry (left hand)
   (You bought it in a shop on level 1 of the Dungeon)
Wands
 a - a wand of digging (5)
   (You found it on level 3 of the Dungeon)
 b - a wand of polymorph (9)
   (You found it on level 7 of the Dungeon)
 y - a wand of flame (12)
   (You found it on level 8 of the Dungeon)
 C - a wand of iceblast (8)
   (You found it on level 10 of the Dungeon)
 O - a wand of mindburst (4)
   (You found it on level 5 of the Lair of Beasts)
 P - a wand of light (12)
   (You found it on level 3 of the Lair of Beasts)
Scrolls
 c - 6 scrolls of vulnerability {!r!r}
 g - 4 scrolls of silence {!r}
 j - a scroll of torment {!r}
 l - 4 scrolls of teleportation {@r4}
 n - 2 scrolls of summoning
 o - 4 scrolls of fog
 q - a scroll of magic mapping {!r}
 x - 3 scrolls of amnesia
 F - 2 scrolls of poison {!r}
 I - a scroll of enchant armour
 J - a scroll of fear
 K - 2 scrolls of identify {@r1}
Potions
 d - 7 potions of curing {@q1}
 e - 4 potions of invisibility {unknown}
 h - a potion of lignification {unknown}
 m - 3 potions of flight {unknown}
 t - 4 potions of berserk rage {unknown}
 z - 2 potions of heal wounds {unknown}
 A - 3 potions of brilliance {unknown}
 E - 3 potions of haste {@q3}
 H - a potion of cancellation {unknown}
Miscellaneous
 G - a tin of tremorstones (2/2) {throwing}
   (You found it on level 12 of the Dungeon)
 L - a condenser vane
   (You found it on level 2 of the Lair of Beasts)

Dungeon Overview and Level Annotations

Branches:
Dungeon (12/15) Zot: 26289  Temple (1/1) D:6 Zot: 5816    Lair (6/6) D:10 Zot: 25559
  Swamp (0/4) Lair:2        Snake (0/4) Lair:3          Orc (0/2) D:11
Volcano (visited)
  Slime: Lair:5-6

Altars:
Ashenzari
Cheibriados
Dithmenos
Elyvilon
Fedhas
Gozag
Hepliaklqana
Kikubaaqudgha
Makhleb
Nemelex Xobeh
Okawaru
Qazlal
Ru
Sif Muna
Trog
Uskayaw
Vehumet
Wu Jian
Xom
Yredelemnul
Zin
The Shining One
Beogh

Shops:
D:1 **?* D:8

( ## ##### # #
.#.##.#.##. .P... ..
......... ....^. ...
......# ....?.. .P
#....## #....#
####.###...#.###....#
........<.....#P...## .l
.....#....@.##.....# ...
... #............# #...
..#.##......##....#.....
#....#...#.###kk.#..#
#.......P#.##.....## .
.....#......#.......#..#
........................
............<...........
............[...........


You could see a wind drake (repels missiles) and a rime drake (catching breath).


Message History

The arrow closely misses the steam dragon.
Your shadow shoots an arrow.
The arrow misses the steam dragon.
Shoot: p) +2 shortbow (freeze) {bow}
Press: ? - help, Q - select action, (/) - cycle Shift-Dir - straight line, f/p - steam dragon
Aim: a steam dragon (lightly wounded, umbra, 74% to hit)
You shoot an arrow.
The arrow hits the steam dragon but does no damage.
Your shadow shoots an arrow.
The arrow hits the steam dragon.
The steam dragon completely misses you. x2
Shoot: p) +2 shortbow (freeze) {bow}
Press: ? - help, Q - select action, (/) - cycle Shift-Dir - straight line, f/p - steam dragon
Aim: a steam dragon (lightly wounded, umbra, 74% to hit)
You shoot an arrow.
The arrow hits the steam dragon but does no damage.
Your shadow shoots an arrow.
The arrow barely misses the steam dragon.
The steam dragon bites you but does no damage.
The steam dragon claws you.
HP[-2]
You take 2 damage, and now have 75/77 hp.
Shoot: p) +2 shortbow (freeze) {bow}
Press: ? - help, Q - select action, (/) - cycle Shift-Dir - straight line, f/p - steam dragon
Aim: a steam dragon (lightly wounded, umbra, 74% to hit)
You shoot an arrow. The arrow hits the steam dragon!
The arrow freezes the steam dragon.
The wind drake flaps its wings at you. The air twists around and strikes you!!
The steam dragon bites you but does no damage.
The steam dragon completely misses you.
HP[-19]
You take 19 damage, and now have 56/77 hp.
MASSIVE DAMAGE!! (PAUSE) Shoot: p) +2 shortbow (freeze) {bow}
Press: ? - help, Q - select action, (/) - cycle Shift-Dir - straight line, f/p - steam dragon
Aim: a steam dragon (heavily wounded, umbra, 74% to hit)
You shoot an arrow. The arrow hits the steam dragon!
The arrow freezes the steam dragon.
The wind drake flaps its wings at you. The air twists around and strikes you!
HP[-9]
You take 9 damage, and now have 47/77 hp.
Shoot: p) +2 shortbow (freeze) {bow}
Press: ? - help, Q - select action, (/) - cycle Shift-Dir - straight line, f/p - steam dragon
Aim: a steam dragon (almost dead, umbra, 74% to hit)
You shoot an arrow. The arrow hits the steam dragon!
The arrow freezes the steam dragon.
You kill the steam dragon!
Dithmenos accepts your kill.
The steam dragon scales are intact enough to wear.
Shoot: p) +2 shortbow (freeze) {bow}
Press: ? - help, Q - select action, (/) - cycle Shift-Dir - straight line, f - wind drake
Aim: a wind drake (repelling missiles, umbra, 34% to hit)
You shoot an arrow.
The arrow completely misses the wind drake.
Your shadow shoots an arrow.
The arrow misses the wind drake.
HP[+1] Shoot: p) +2 shortbow (freeze) {bow}
Press: ? - help, Q - select action, (/) - cycle Shift-Dir - straight line, f/p - wind drake
Aim: a wind drake (repelling missiles, umbra, 34% to hit)
You shoot an arrow. The arrow hits the wind drake.
The arrow freezes the wind drake.
Your shadow shoots an arrow.
The arrow closely misses the wind drake.
The wind drake flaps its wings at you. The air twists around and strikes you!
* * * LOW HITPOINT WARNING * * *
HP[-15]
You take 15 damage, and now have 33/77 hp.
Shoot: p) +2 shortbow (freeze) {bow}
Press: ? - help, Q - select action, (/) - cycle Shift-Dir - straight line, f/p - wind drake
Aim: a wind drake (lightly wounded, repelling missiles, umbra, 34% to hit)
You shoot an arrow. The arrow misses the wind drake.
A rime drake comes into view.
HP[+1]
The wind drake exhales a fierce blast of wind!
You stop ascending the stairs.
You are blown backwards!
A komodo dragon comes into view.
The wind drake flaps its wings at you. The air twists around and strikes you!
* * * LOW HITPOINT WARNING * * *
The komodo dragon moves out of view.
The rime drake hisses angrily.
HP[-15]
You take 15 damage, and now have 19/77 hp.
The rime drake breathes ice at you. The flash freeze misses you.
HP[+1] HP[+1] HP[+1] HP[+1]
The rime drake breathes ice at you. The flash freeze hits you!
You partially resist.
* * * LOW HITPOINT WARNING * * *
You are encased in ice.
HP[-7]
You take 7 damage, and now have 16/77 hp.
The wind drake flaps its wings at you. The air twists around and strikes you!!
You die...

Skill      XL: |  1  2  3  4  5  6  7  8  9 10 11 12 13 14 |
---------------+-------------------------------------------+-----
Bows           | 3 4 6 7 9 10 13 16 | 16.0
Stealth        | 5 10 | 10.0
Dodging        | 5 10 14 15 | 15.0
Fighting       | 5 10 | 10.0
Hexes          | 4 13 15 | 15.0
Translocations | 5 |  5.0
Evocations     | 3 |  3.3
Spellcasting   | |  1.3

Action                   |  1- 3 |  4- 6 |  7- 9 | 10-12 | 13-15 || total
-------------------------+-------+-------+-------+-------+-------++-------
 Fire: Shortbow          |    75 |   105 |   378 |  1032 |   918 ||  2508
 Cast: Slow              |     4 |     3 |     5 |       |       ||    12
Evoke: Wand              |       |       |       |     7 |       ||     7
  Use: Scroll            |     2 |       |     8 |     3 |    11 ||    24
       Potion            |       |       |       |     1 |       ||     1
Armor: Robe              |     4 |     1 |     3 |       |       ||     8
       Troll leather arm |       |       |    12 |    30 |    46 ||    88
Dodge: Dodged            |    18 |    19 |    87 |   438 |   460 ||  1022

Levels and vault maps discovered:
D:1:      amcnicky_arrival_double_pillar, layout_basic, serial_shops,
          nicolae_square_shop, nicolae_shop_advertising_works
          [nicolae_subvault_shop_adworks], nicolae_shop_hallway_plus,
          nicolae_shop_hallway_stairs
D:2:      layout_rooms, hellmonk_ecumenical_altar_inner_sanctum,
          minmay_misc_feat_rows, minmay_divided_ellipse
D:3:      layout_loops_ring, minmay_strange_pillars, chequers_mini_garden,
          st_stairs_9, kennysheep_nondescript
D:4:      layout_rooms
D:5:      corexii_shack_village, layout_gridville
D:6:      layout_basic, minmay_temple_entry_large_hall, feat_on_display,
          uniq_prince_ribbit1, uniq_duvessa
D:7:      layout_layer_cave, mainiacjoe_overflow_alcove_1, nrook_campfire,
          amcnicky_mini_pool_small
D:8:      layout_gridville, kennysheep_small_circle
D:9:      minmay_the_grid_triangle_9x9_rhombus_thin_mashed
          [minmay_the_grid_triangle_9x9_alien,
          minmay_the_grid_triangle_9x9_prize_schism,
          minmay_the_grid_triangle_9x9_impossible_snake,
          minmay_the_grid_triangle_9x9_sprig], layout_gridville
D:10:     layout_cave_pools, dpeg_lair_monsters, hangedman_stone_soup,
          uniq_harold
D:11:     layout_loops_ring, minmay_orc_entry_temple_small,
          small_statue_intersection
D:12:     kennysheep_seaside_town, layout_basic
Temple:   mainiacjoe_temple_circle_huts
Lair:1:   layout_gridlike, grunt_forest_large_clearings, uniq_grum
Lair:2:   layout_gridlike, swamp_mist_pool, grunt_megastairs_3
Lair:3:   layout_concentric_octagons, guppyfry_snake_entry_island,
          nicolae_volcano_entry_s_turn, hibernation_bobbens, uniq_fannar
Lair:4:   layout_loops_ring, minivault_19, nicolae_quartered_pool_impasse,
          lookout_lair_type, bobbens_ice_dragon_lair, infiniplex_staircase_pool
Lair:5:   layout_misc_corridors, kilobyte_rumbling_trees,
          infiniplex_staircase_pool_2
Lair:6:   gammafunk_lair_ancient_temple, layout_regular_city,
          dpeg_slime_entry_enclosed_altar

Notes
Turn   | Place    | Note
-------+----------+-------------------------------------------
     0 | D:1      | zeratav the Spriggan Arcane Marksman began the quest for
                  | the Orb.
     0 | D:1      | Reached XP level 1. HP: 9/9 MP: 3/3
     0 | D:1      | magus.rc [v1.9.6]
   118 | D:1      | You pick up a book of Spatial Translocations and begin
                  | reading...
   118 | D:1      | You add the spells Blink, Lesser Beckoning and Manifold
                  | Assault to your library.
   286 | D:1      | Found Gogaxauq's Magic Scroll Shoppe.
   291 | D:1      | Bought a scroll of identify for 28 gold pieces
   342 | D:1      | Found Qiwnesseso's General Store.
   638 | D:1      | Reached skill level 3 in Bows
   708 | D:1      | You pick up a book of Weapons and begin reading...
   708 | D:1      | You add the spells Tukima's Dance and Blade Hands to your
                  | library.
   721 | D:1      | Found San Vod's Assorted Antiques.
   737 | D:1      | Found Xaits's Assorted Antiques.
  1118 | D:1      | HP: 1/9 [adder (4)]
  1177 | D:1      | Reached XP level 2. HP: 3/14 MP: 5/5
  1493 | D:2      | Reached skill level 4 in Bows
  1742 | D:2      | Reached XP level 3. HP: 14/17 MP: 3/6
  1888 | D:2      | Reached skill level 5 in Bows
  1973 | D:2      | Noticed an ogre
  2009 | D:2      | Killed an ogre
  2010 | D:2      | Reached skill level 6 in Bows
  2010 | D:2      | Reached XP level 4. HP: 21/21 MP: 7/7
  2010 | D:2      | Reached XP level 5. HP: 25/25 MP: 8/8
  2279 | D:1      | Bought a runed shortbow for 108 gold pieces
  2353 | D:2      | Found a faded altar of an unknown god.
  2508 | D:3      | You pick up a book of Necromancy and begin reading...
  2508 | D:3      | You add the spells Necrotize, Vampiric Draining and Agony
                  | to your library.
  3005 | D:4      | Reached skill level 7 in Bows
  3229 | D:4      | Reached XP level 6. HP: 29/29 MP: 9/9
  3359 | D:1      | Bought a small ruby ring for 90 gold pieces
  3454 | D:4      | Reached skill level 8 in Bows
  3634 | D:5      | Entered Level 5 of the Dungeon
  3643 | D:5      | Identified the +3 hand axe of the Singing Moth {freeze,
                  | +Blink rElec Str+9 Stlth-}
  3723 | D:5      | Reached skill level 9 in Bows
  3723 | D:5      | Reached XP level 7. HP: 32/32 MP: 10/10
  3845 | D:5      | Identified the +5 flail of the Unseen Realm {holy, rElec
                  | rF+ Int-5 Dex+3}
  4024 | D:5      | Reached skill level 10 in Bows
  4051 | D:5      | Reached skill level 2 in Stealth
  4438 | D:6      | Noticed Duvessa
  4438 | D:6      | Noticed Dowan
  4445 | D:5      | HP: 8/32 [hound (1)]
  4451 | D:5      | HP: 3/32 [poisoned by a scorpion]
  4454 | D:5      | HP: 1/32 [poisoned by a scorpion]
  4859 | D:5      | Reached skill level 4 in Stealth
  5184 | D:6      | Noticed a troll
  5192 | D:6      | Reached skill level 5 in Stealth
  5232 | D:5      | Killed a troll
  5233 | D:5      | Reached XP level 8. HP: 28/37 MP: 11/11
  5422 | D:6      | Noticed Prince Ribbit
  5423 | D:6      | Killed Duvessa
  5424 | D:6      | Reached skill level 11 in Bows
  5449 | D:6      | Killed Dowan
  5460 | D:7      | HP: 9/37 [orc wizard/+0 dagger (4)]
  5514 | D:6      | Killed Prince Ribbit
  5515 | D:6      | Reached skill level 12 in Bows
  5557 | D:6      | Found a staircase to the Ecumenical Temple.
  5567 | Temple   | Entered the Ecumenical Temple
  5849 | Temple   | Became a worshipper of Dithmenos the Shadowed
  5975 | D:6      | You add the spells Conjure Flame, Ignite Poison and Sticky
                  | Flame to your library.
  6207 | D:6      | Reached skill level 13 in Bows
  6312 | D:7      | Reached XP level 9. HP: 40/40 MP: 12/12
  6491 | D:7      | Reached * piety under Dithmenos
  6541 | D:7      | Reached skill level 14 in Bows
  7217 | D:7      | Reached skill level 15 in Bows
  7253 | D:7      | Found a hide-covered altar of Uskayaw.
  7672 | D:8      | Reached skill level 16 in Bows
  7696 | D:8      | Reached skill level 3 in Dodging
  7703 | D:8      | Reached ** piety under Dithmenos
  7730 | D:8      | Reached skill level 4 in Dodging
  7846 | D:8      | Found Afua's Antique Weapon Emporium.
  8141 | D:8      | Reached skill level 5 in Dodging
  8141 | D:8      | Reached XP level 10. HP: 44/44 MP: 13/13
  8637 | D:9      | Reached skill level 6 in Dodging
  8645 | D:9      | HP: 9/44 [killer bee (5)]
  8646 | D:9      | HP: 3/44 [killer bee (6)]
  8709 | D:9      | You pick up a book of the Earth and begin reading...
  8709 | D:9      | You add the spells Leda's Liquefaction, Lee's Rapid
                  | Deconstruction and Statue Form to your library.
  8809 | D:9      | Reached skill level 7 in Dodging
  8819 | D:9      | Reached skill level 8 in Dodging
  9139 | D:9      | Reached skill level 9 in Dodging
  9186 | D:9      | Noticed a green ugly thing
  9188 | D:9      | Noticed a brown ugly thing
  9191 | D:9      | Noticed a wizard
  9194 | D:9      | a tengu conjurer comes into view. It is wielding the +10
                  | dark maul {vorpal}.
  9279 | D:9      | Killed a green ugly thing
  9280 | D:9      | Reached skill level 10 in Dodging
  9280 | D:9      | Reached skill level 2 in Fighting
  9326 | D:9      | Killed a green ugly thing
  9327 | D:9      | Reached skill level 3 in Fighting
  9657 | D:9      | Noticed a fire crab
  9667 | D:9      | Noticed a boulder beetle
  9670 | D:9      | Noticed a manticore
  9670 | D:9      | a fire crab changed into a manticore
  9704 | D:10     | Entered Level 10 of the Dungeon
  9747 | D:10     | Reached skill level 4 in Fighting
  9799 | D:10     | Noticed a death yak
  9801 | D:10     | Noticed a death yak
  9805 | D:10     | Noticed a death yak
  9837 | D:10     | Noticed a death yak
  9838 | D:10     | Noticed a death yak
  9900 | D:10     | Killed a death yak
  9901 | D:10     | Reached skill level 5 in Fighting
  9960 | D:10     | Killed a death yak
  9961 | D:10     | Reached XP level 11. HP: 56/56 MP: 14/14
 10004 | D:10     | Killed a death yak
 10005 | D:10     | Reached skill level 6 in Fighting
 10075 | D:10     | Killed a death yak
 10196 | D:10     | Killed a death yak
 10217 | D:10     | Noticed Harold
 10244 | D:10     | Reached skill level 7 in Fighting
 10359 | D:10     | Reached *** piety under Dithmenos
 10381 | D:10     | Found a staircase to the Lair.
 10731 | D:10     | Killed Harold
 10866 | D:8      | Bought a runed shortbow for 192 gold pieces
 11077 | D:11     | Reached skill level 8 in Fighting
 11221 | D:11     | Noticed a purple ugly thing
 11240 | D:11     | Killed a purple ugly thing
 11482 | D:11     | G - a +0 executioner's axe {axerare=g}
 11603 | D:11     | Found a staircase to the Orcish Mines.
 11722 | D:11     | Reached skill level 9 in Fighting
 11777 | D:11     | You drop a +0 executioner's axe {axerare=g}.
 11778 | D:11     | G - a +0 executioner's axe {axerare=g}
 11779 | D:11     | You drop a +0 executioner's axe {axerare=g}.
 12075 | D:12     | Reached **** piety under Dithmenos
 12338 | D:12     | Reached skill level 10 in Fighting
 12367 | D:12     | You pick up a book of Storms and begin reading...
 12367 | D:12     | You add the spells Airstrike, Summon Lightning Spire and
                  | Lightning Bolt to your library.
 12523 | D:12     | Reached skill level 4 in Hexes
 12523 | D:12     | Reached XP level 12. HP: 67/67 MP: 15/15
 12564 | D:12     | Reached skill level 5 in Hexes
 12719 | D:12     | Reached skill level 6 in Hexes
 12896 | Lair:1   | Entered Level 1 of the Lair of Beasts
 12929 | Lair:1   | Reached skill level 7 in Hexes
 12967 | Lair:1   | You pick up a book of Blasting and begin reading...
 12967 | Lair:1   | You add the spells Fulminant Prism and Iskenderun's Mystic
                  | Blast to your library.
 12978 | Lair:1   | Noticed Grum
 12982 | Lair:1   | Killed Grum
 13000 | Lair:1   | Learned a level 3 spell: Tukima's Dance
 13077 | Lair:1   | Reached ***** piety under Dithmenos
 13077 | Lair:1   | Noticed a four-headed hydra
 13078 | Lair:1   | Reached skill level 8 in Hexes
 13138 | Lair:1   | Killed a four-headed hydra
 13139 | Lair:1   | Reached skill level 9 in Hexes
 13268 | Lair:1   | Reached skill level 10 in Hexes
 13418 | Lair:1   | Reached skill level 11 in Hexes
 13563 | Lair:1   | Reached skill level 12 in Hexes
 13834 | Lair:1   | Reached skill level 13 in Hexes
 14007 | Lair:1   | You pick up a book of Conjurations {@e2} and begin
                  | reading...
 14007 | Lair:1   | You add the spells Magic Dart and Searing Ray to your
                  | library.
 14051 | Lair:1   | Reached XP level 13. HP: 61/72 MP: 16/16
 14226 | Lair:2   | You fall into a shaft and drop 2 floors!
 14332 | Lair:3   | Found a staircase to the Snake Pit.
 14386 | Lair:3   | Reached skill level 14 in Hexes
 14451 | Lair:3   | Found a dark tunnel.
 14457 | Volcano  | Entered a volcano
 14527 | Volcano  | HP: 18/72 [salamander/+0 glaive (4)]
 14552 | Volcano  | HP: 10/72 [something (12)]
 14663 | Volcano  | HP: 17/72 [something (7)]
 14961 | Volcano  | M - a +1 quick blade of flaming {shortrare=g}
 15357 | Lair:2   | magus.rc [v1.9.6]
 15370 | Lair:2   | Reached skill level 15 in Hexes
 15395 | Lair:2   | Reached skill level 1 in Translocations
 15401 | Lair:2   | Reached skill level 2 in Translocations
 15438 | Lair:2   | Reached skill level 3 in Translocations
 15556 | Lair:2   | Reached skill level 4 in Translocations
 15702 | Lair:2   | Found a staircase to the Swamp.
 15842 | Lair:2   | Reached skill level 5 in Translocations
 16002 | Lair:2   | magus.rc [v1.9.6]
 16279 | Lair:3   | Reached ****** piety under Dithmenos
 16297 | Lair:3   | Reached skill level 11 in Dodging
 17677 | Lair:5   | Reached skill level 12 in Dodging
 17962 | Lair:5   | Reached skill level 13 in Dodging
 18586 | Lair:6   | Entered Level 6 of the Lair of Beasts
 18660 | Lair:5   | Reached skill level 14 in Dodging
 18913 | Lair:5   | Reached XP level 14. HP: 77/77 MP: 17/17
 18957 | Lair:6   | HP: 12/77 [death yak (22)]
 19122 | Lair:6   | Reached skill level 15 in Dodging
 19387 | Lair:5   | Reached skill level 6 in Stealth
 19574 | Lair:5   | Reached skill level 7 in Stealth
 19661 | Lair:5   | Reached skill level 8 in Stealth
 19834 | Lair:6   | Identified the +0 pair of gloves of Eye-covered Joy {Will+}
 19912 | Lair:5   | Reached skill level 9 in Stealth
 20115 | Lair:6   | magus.rc [v1.9.6]
 20299 | Lair:6   | Reached skill level 10 in Stealth
 20336 | Lair:6   | Reached skill level 1 in Evocations
 20414 | Lair:5   | Reached skill level 2 in Evocations
 20445 | Lair:6   | Reached skill level 3 in Evocations
 20480 | Lair:6   | HP: 19/77 [wind drake/the air (16)]
 20488 | Lair:6   | HP: 16/77 [rime drake/flash freeze (8)]
 20489 | Lair:6   | Killed from afar by a wind drake

Vanquished Creatures
  Harold (D:10)
  A hydra (Lair:1)
  An ice dragon (Lair:4)
  A catoblepas (Lair:5)
  14 death yaks
  A harpy (Lair:6)
  3 ugly things
  A cyclops (D:11)
  A manticore (D:12)
  3 salamanders (Volcano)
  11 elephants
  6 black mambas
  A gargoyle (D:12)
  2 rime drakes
  11 cane toads
  11 komodo dragons
  4 hornets
  A merfolk (D:10)
  2 polar bears (Lair:5)
  3 trolls
  Prince Ribbit (D:6)
  13 blink frogs
  A slime creature (D:9)
  3 shadows
  A vampire (D:11)
  3 wyverns
  A spriggan (Lair:1)
  5 wraiths
  49 yaks
  3 fire bats (Volcano)
  3 basilisks
  A fire elemental (Lair:2)
  Grum (Lair:1)
  3 steam dragons
  2 nagas (Lair:3)
  A hell hound (Volcano)
  13 water moccasins
  Duvessa (D:6)
  2 sky beasts
  2 orc warriors (D:12)
  2 black bears
  5 ogres
  4 boggarts (Lair:5)
  49 wolves
  8 centaurs
  4 phantoms
  5 kobold brigands
  14 bullfrogs
  3 necrophages
  5 scorpions
  3 gnoll sergeants
  15 wights
  Dowan (D:6)
  11 killer bees
  2 howler monkeys
  5 electric eels
  A crimson imp (D:10)
  A lava snake (Lair:2)
  3 hounds
  3 gnoll shamans
  3 orc priests
  4 iguanas
  6 hell rats (Lair:4)
  9 orc wizards
  29 gnolls
  9 adders
  2 white imps (Lair:4)
  2 ufetubi
  2 worms
  2 dart slugs
  28 orcs
  3 endoplasms (D:2)
  3 giant cockroaches
  8 goblins
  7 hobgoblins
  20 kobolds
  3 quokkas (D:4)
  4 ball pythons
  5 bats
  7 rats
488 creatures vanquished.

Vanquished Creatures (others)
  34 fungi
  57 plants
91 creatures vanquished.

Grand Total: 579 creatures vanquished

Table legend:
 A = Non-vault XP
 B = Vault XP
 C = Vault XP percentage of total XP
 D = Non-vault monster count
 E = Vault monster count
 F = Vault count percentage of total count
                 A         B        C        D         E       F
            +---------+---------+-------+---------+---------+-------
      Total |   54784 |   22483 |  29.1 |     337 |     151 |  30.9
            +---------+---------+-------+---------+---------+-------
        D:1 |      22 |       0 |   0.0 |       6 |       0 |   0.0
        D:2 |      41 |     160 |  79.6 |      14 |      13 |  48.1
        D:3 |      25 |       4 |  13.8 |       7 |       2 |  22.2
        D:4 |     385 |       0 |   0.0 |      19 |       0 |   0.0
        D:5 |     755 |      29 |   3.7 |      10 |      13 |  56.5
        D:6 |     825 |     471 |  36.3 |      20 |       3 |  13.0
        D:7 |    1422 |       0 |   0.0 |      24 |       0 |   0.0
        D:8 |    1307 |      96 |   6.8 |      23 |       1 |   4.2
        D:9 |    1802 |    2117 |  54.0 |      18 |       9 |  33.3
       D:10 |    1271 |    5292 |  80.6 |      11 |      10 |  47.6
       D:11 |    2551 |     196 |   7.1 |      17 |       7 |  29.2
       D:12 |    4094 |    1455 |  26.2 |      24 |      24 |  50.0
     Lair:1 |    9176 |    4647 |  33.6 |      37 |      38 |  50.7
     Lair:2 |    4342 |     350 |   7.5 |      20 |       2 |   9.1
     Lair:3 |    6258 |     329 |   5.0 |      35 |       2 |   5.4
     Lair:4 |    1045 |     864 |  45.3 |      10 |       3 |  23.1
     Lair:5 |   16477 |    2176 |  11.7 |      34 |      10 |  22.7
     Lair:6 |    2986 |    1808 |  37.7 |       8 |       5 |  38.5
    Volcano |       0 |    2489 | 100.0 |       0 |       9 | 100.0
            +---------+---------+-------+---------+---------+-------

Illustrated notes

Table legend:
 A = Kills in this place as a percentage of kills in entire the game.
 B = Kills by you in this place as a percentage of kills by you in the entire game.
 C = Kills by friends in this place as a percentage of kills by friends in the entire game.
 D = Other kills in this place as a percentage of other kills in the entire game.
 E = Experience gained in this place as a percentage of experience gained in the entire game.
 F = Experience gained in this place divided by the number of levels of this place that you have seen.
                   A       B       C       D       E      F
               +-------+-------+-------+-------+-------+----------------------
         Total | 100.0 | 100.0 |   N/A |   N/A | 100.0 | 3863.4
       Dungeon |  56.4 |  56.4 |   N/A |   N/A |  31.5 | 2026.7
          Lair |  41.8 |  41.8 |   N/A |   N/A |  65.3 | 8409.7
       Volcano |   1.8 |   1.8 |   N/A |   N/A |   3.2 | 2489.0
               +-------+-------+-------+-------+-------+----------------------

Table legend: (Time is in decaauts)
 A = Elapsed time spent in this place.
 B = Non-inter-level travel time spent in this place.
 C = Inter-level travel time spent in this place.
 D = Time resting spent in this place.
 E = Time spent auto-exploring this place.
 F = Levels seen in this place.
 G = Mean time per level.
                   A        B        C        D        E       F      G
               +--------+--------+--------+--------+--------+-----+--------+
         Total |  14217 |  13365 |    852 |   1621 |   7048 |  20 |  710.8 |
       Dungeon |   8791 |   8150 |    641 |    899 |   4798 |  12 |  732.6 |
        Temple |    183 |    153 |     30 |      0 |    139 |   1 |  183.0 |
          Lair |   4690 |   4510 |    180 |    542 |   1986 |   6 |  781.7 |
       Volcano |    551 |    551 |      0 |    180 |    124 |   1 |  551.0 |
               +--------+--------+--------+--------+--------+-----+--------+

Top non-repeatable levels by time:
  Lair:5: 1701 daAuts
     D:1: 1113 daAuts
     D:5: 1018 daAuts
     D:9: 951 daAuts
    D:10: 850 daAuts
  Lair:1: 840 daAuts
     D:7: 744 daAuts
     D:4: 697 daAuts
    D:12: 687 daAuts
     D:2: 681 daAuts
  Lair:3: 660 daAuts
     D:8: 602 daAuts
  Lair:2: 596 daAuts
  Lair:4: 556 daAuts
 Volcano: 551 daAuts
